 Dungeon Crawl Stone Soup version 0.29.1-14-g9c671dbff4 (webtiles) character file.

Game seed: 10876597677943195207

8 javelincjr the Magician (level 2, 0/21 HPs)
             Began as a Djinni Conjurer on Feb 13, 2023.
             Slain by a gnoll
             ... wielding a +0 spear
              (3 damage)
             ... on level 1 of the Dungeon.
             The game lasted 00:01:36 (525 turns).

javelincjr the Magician (Djinni Conjurer)            Turns: 525, Time: 00:01:37

Health: 0/21       AC:  2    Str:  6    XL:     2   Next: 15%
Gold:   11         EV: 12    Int: 19    God:
                   SH:  0    Dex: 11

rFire   + + .      SeeInvis .   (no weapon)
rCold   x . .      Faith    .   (no shield)
rNeg    . . .      Spirit   .   a - +0 robe
rPois   ∞          Reflect  .   (no helmet)
rElec   .          Harm     .   (no cloak)
rCorr   .          Rampage  .   (no gloves)
Will    .....                   (boots unavailable)
Stlth   ++........              (no amulet)
HPRegen 0.07/turn               (no ring)
MPRegen 0.00/turn               (no ring)

@: flying
A: sickness immunity, fire resistance 2, cold vulnerability 1, float, innate
caster, HP casting, extra vitality 1
a: no special abilities


You were on level 1 of the Dungeon.
You visited 1 branch of the dungeon, and saw 2 of its levels.

You collected 11 gold pieces.

Inventory:

Armour
 a - a +0 robe (worn)
Scrolls
 b - a scroll of identify {unknown}
 c - a scroll of fear {unknown}
 f - a scroll of immolation {unknown}
Potions
 d - a potion of curing {unknown}
 e - a potion of haste {unknown}


   Skills:
 + Level 2.3 Dodging
 + Level 1.5 Stealth
 + Level 3.5 Spellcasting


You couldn't memorise any spells.
You knew the following spells:

 Your Spells              Type           Power      Damage    Failure   Level
a - Magic Dart            Conj           64%        1d6       3%          1
b - Searing Ray           Conj           32%        2d5       4%          2
c - Dazzling Flash        Conj/Hex       32%        N/A       10%         3
d - Fulminant Prism       Conj/Hex       8%         3d7       32%         4
e - Iskenderun's Mystic   Conj/Tloc      16%        2d5       32%         4
Your spell library was empty.

Dungeon Overview and Level Annotations

Branches:
Dungeon (2/15)

Altars:


Innate Abilities, Weirdness & Mutations

You are immune to sickness and miasma.
You are immune to poison.
Your flesh is very heat resistant. (rF++)
You are vulnerable to cold. (rC-)
You float through the air rather than walking.
You learn spells naturally, not from books.
Your magical power is your life essence.
You have superior vitality. (+4 MHP)


Message History

The gnoll is moderately wounded.
The magic dart hits the gnoll.
The gnoll is heavily wounded.
The magic dart hits the gnoll.
The gnoll is heavily wounded.
The gnoll completely misses you.
The magic dart hits the gnoll but does no damage.
The gnoll is heavily wounded.
The gnoll barely misses you.
The magic dart hits the ball python.
You kill the ball python!
The gnoll hits you from afar with a +0 spear.
You are too injured to fight recklessly!
Unknown command.
You are too injured to fight recklessly!
The gnoll barely misses you.
You fly downwards.
There is a stone staircase leading up here.
Unknown command.
You start resting.
HP restored.
You fly upwards.
There is a stone staircase leading down here.
The magic dart hits the gnoll.
The gnoll is moderately wounded.
The magic dart hits the gnoll.
The gnoll is moderately wounded.
The magic dart hits the gnoll.
The gnoll is heavily wounded.
The magic dart hits the gnoll.
The gnoll is severely wounded.
The gnoll hits you from afar with a +0 spear.
The magic dart hits the gnoll but does no damage.
The gnoll is severely wounded.
The gnoll hits you from afar with a +0 spear!
* * * LOW HITPOINT WARNING * * *
You are too injured to fight recklessly!
You can't go up here!
The gnoll hits you from afar with a +0 spear.
You die...

#########
........#
....$...#
........#
........#######
...............
#....g†@.......
#..............
#..............
#.........##.##
#######.####.###
.............
...........
##'''''##
###.......###


You could see a gnoll.

Vanquished Creatures
  An endoplasm (D:1)
  3 hobgoblins
  2 ball pythons (D:1)
  A rat (D:2)
7 creatures vanquished.

Notes
Turn   | Place    | Note
-------+----------+-------------------------------------------
     0 | D:1      | javelincjr the Djinni Conjurer began the quest for the Orb.
     0 | D:1      | javelincjr set off with the following spells memorised:
                  | Magic Dart, Searing Ray, Dazzling Flash, Fulminant Prism,
                  | Iskenderun's Mystic Blast.
     0 | D:1      | Reached XP level 1. HP: 15/15 MP: 0/0
    34 | D:1      | You are sucked into a shaft and drop 1 floor!
   244 | D:2      | Reached XP level 2. HP: 19/21 MP: 0/0
   525 | D:1      | Slain by a gnoll

Illustrated notes

Levels and vault maps discovered:
D:1:      lordsloth_arrival_two_stooges, layout_rooms,
          shapermc_ecumenical_altar_rom_forum
D:2:      layout_basic

Action                   || total
-------------------------++-------
 Cast: Magic Dart        ||    25
Dodge: Dodged            ||     4
